 Dungeon Crawl Stone Soup version 0.30.1-6-gbe392663c4 (webtiles) character file.

Game seed: 8004633854965207123

108475 Babbit the Severer (level 16, -5/149 HPs)
             Began as a Minotaur Fighter on Sept 19, 2023.
             Was the Champion of Okawaru.
             Succumbed to a swamp dragon's poison gas
             ... on level 3 of the Swamp on Sept 21, 2023.
             The game lasted 03:21:48 (26054 turns).

Babbit the Severer (Minotaur Fighter)              Turns: 26054, Time: 03:21:49

Health: -5/149     AC: 39    Str: 27    XL:     16   Next: 2%
Magic:  5/25       EV:  7    Int:  5    God:    Okawaru [******]
Gold:   960        SH: 21    Dex: 12    Spells: 15/15 levels left

rFire   + . .        e - +5 war axe (flame)
rCold   . . .        V - +2 tower shield
rNeg    + . .        K - +4 crystal plate armour
rPois   +            (helmet restricted)
rElec   +            y - +2 cloak {rCorr}
rCorr   +            G - +2 pair of gloves
SInv    .            k - +1 pair of boots
Will    ++...        z - amulet of guardian spirit Stlth
                     S - ring of the Dropbear {rN+ MP+9}
HPRegen 0.44/turn    b - ring of willpower
MPRegen 0.19/turn

%: guardian spirit
@: lethally poisoned (-5 -> -33), resistant
A: horns 2, retaliatory headbutt, cold vulnerability 1
a: Renounce Religion, Heroism, Finesse, Duel


You were on level 3 of the Swamp.
You worshipped Okawaru.
Okawaru was exalted by your worship.
You visited 5 branches of the dungeon, and saw 27 of its levels.
You also visited: Bailey and Volcano.

You collected 1926 gold pieces.
You spent 966 gold pieces at shops.

Inventory:

Hand Weapons
 c - a +6 broad axe of holy wrath
 e - a +5 war axe of flaming (weapon)
 B - a +7 hand axe of protection
 E - the +4 great sword "Byreum" {freeze, rElec Str+6}
   (You found it on level 1 of the Swamp)

   Str:       It affects your strength (+6).
   rElec:     It insulates you from electricity.
 L - a +1 antimagic hand axe
Missiles
 p - 3 throwing nets
 M - 6 silver javelins
 Q - 3 boomerangs of dispersal
 T - 2 silver boomerangs (quivered)
Armour
 k - a +1 pair of boots (worn)
 q - the +1 scale mail "Pisesaos" {Str+3 Int+3}
   (You found it on level 14 of the Dungeon)

   Str:       It affects your strength (+3).
   Int:       It affects your intelligence (+3).
 r - a +2 hat
 y - a +2 cloak of preservation (worn)
 G - a +2 pair of gloves (worn)
 K - a +4 crystal plate armour (worn)
 P - the +2 hat of Okawaru's Envy {-Tele rF++ SInv Stlth+}
   (Okawaru gifted it to you on level 2 of the Lair of Beasts)

   rF:        It greatly protects you from fire.
   SInv:      It lets you see invisible.
   -Tele:     It prevents most forms of teleportation.
   Stlth:     It makes you more stealthy.
 V - a +2 tower shield (worn)
Jewellery
 b - a ring of willpower (right hand)
 s - a ring of ice
 w - an amulet of magic regeneration
 z - an amulet of guardian spirit (around neck)
 C - a ring of resist corrosion
 F - a +5 ring of evasion
 N - the ring "Nawn" {Fire rPois rN+ MP-9 Dex+5}
   (You found it on level 4 of the Lair of Beasts)

   [ring of fire]

   It enhances your fire magic.
   Dex:       It affects your dexterity (+5).
   rF:        It protects you from fire.
   rC:        It makes you vulnerable to cold.
   rPois:     It protects you from poison.
   rN:        It protects you from negative energy.
   MP:        It affects your magic capacity (-9).
 R - an amulet of faith
 S - the ring of the Dropbear (left hand) {rN+ MP+9}
   (You found it on level 5 of the Lair of Beasts)

   [ring of positive energy]

   rN:        It protects you from negative energy.
   MP:        It affects your magic capacity (+9).
Wands
 g - a wand of flame (60)
 t - a wand of roots (28)
 D - a wand of acid (31)
 W - a wand of mindburst (8)
Scrolls
 f - 3 scrolls of fog
 h - 7 scrolls of blinking
 l - 5 scrolls of poison
 n - 11 scrolls of teleportation
 u - 3 scrolls of butterflies
 v - 2 scrolls of magic mapping
 A - a scroll of fear
 H - a scroll of silence
 Y - a scroll of identify
Potions
 a - 3 potions of magic
 d - 3 potions of might
 i - 2 potions of haste
 j - 4 potions of cancellation
 m - 5 potions of lignification
 x - 5 potions of flight
 I - 2 potions of invisibility


   Skills:
 + Level 15.1 Fighting
 + Level 17.8(17.9) Axes
 + Level 2.2(11.9) Maces & Flails
 + Level 0.8(11.7) Polearms
 + Level 6.2 Throwing
 + Level 17.4 Armour
 + Level 4.9 Dodging
 + Level 2.2 Stealth
 + Level 17.0 Shields
 + Level 2.3 Invocations
 + Level 1.0 Evocations


You had 15 spell levels left.
You didn't know any spells.
Your spell library contained the following spells:

 Spells                   Type           Power      Damage    Failure   Level
 Apportation              Tloc           0%         N/A       100%        1
 Magic Dart               Conj           0%         1d3       100%        1
 Searing Ray              Conj           0%         2d4       100%        2
 Sublimation of Blood     Necr           0%         N/A       100%        2
 Wereblood                Tmut           0%         N/A       100%        2
 Hailstorm                Conj/Ice       0%         3d3       100%        3
 Ignite Poison            Fire/Tmut/Pois 0%         N/A       100%        3
 Ozocubu's Armour         Ice            0%         N/A       100%        3
 Volatile Blastmotes      Fire/Tloc      0%         2d10      100%        3
 Fulminant Prism          Conj/Hex       0%         3d5       100%        4
 Ice Form                 Ice/Tmut       0%         N/A       100%        4
 Iskenderun's Mystic Bla  Conj/Tloc      0%         2d3       100%        4
 Passage of Golubria      Tloc           0%         N/A       100%        4
 Sticky Flame             Conj/Fire      0%         2d3       100%        4
 Alistair's Intoxication  Tmut/Pois      0%         N/A       100%        5
 Lee's Rapid Deconstruct  Erth           0%         3d4*      100%        5
 Metabolic Englaciation   Hex/Ice        0%         N/A       100%        5
 Yara's Violent Unravell  Hex/Tmut       0%         3d3       100%        5
 Ignition                 Fire           0%         3d3       100%        8
 Summon Small Mammal      Summ           Unusable   N/A       N/A         1
 Call Canine Familiar     Summ           Unusable   N/A       N/A         3
 Summon Guardian Golem    Hex/Summ       Unusable   N/A       N/A         3
 Tukima's Dance           Hex            Unusable   N/A       N/A         3
 Simulacrum               Ice/Necr       Unusable   N/A       N/A         6
 Summon Hydra             Summ           Unusable   N/A       N/A         7

Dungeon Overview and Level Annotations

Branches:
Dungeon (15/15)            Temple (1/1) D:5            Lair (5/5) D:11
  Swamp (4/4) Lair:3       Spider (0/4) Lair:2        Slime (0/5) Lair:5
    Orc (2/2) D:9             Elf (0/3) Orc:2        Vaults (0/5) D:13
 Bailey (visited)         Volcano (visited)
 Depths: D:15

Altars:
Ashenzari
Cheibriados
Dithmenos
Elyvilon
Fedhas
Gozag
Hepliaklqana
Kikubaaqudgha
Makhleb
Nemelex Xobeh
Okawaru
Qazlal
Ru
Sif Muna
Trog
Uskayaw
Vehumet
Wu Jian
Xom
Yredelemnul
Zin
The Shining One
Jiyva
Lugonu

Shops:
D:5 [   D:12 (   Orc:2 (?[(!

Portals:
Abyss: Orc:2 Lair:5

Annotations:
D:14 exclusion: ice statue
Lair:1 exclusion: oklob plant
Lair:4 2 transporters, Psyclone's ghost, journeyman DEVM
Swamp:1 Roxanne
Orc:2 2 transporters


Innate Abilities, Weirdness & Mutations

You have a pair of horns on your head.
You reflexively headbutt those who attack you in melee.
You are vulnerable to cold. (rC-)


Message History

The swamp dragon claws you but does no damage.
The swamp dragon tramples you but does no damage.
You slash the swamp dragon! You burn the swamp dragon.
The swamp dragon is almost dead.
You hit the swamp dragon. You burn the swamp dragon.
You are engulfed in poison gas.
You are lethally poisoned!
* * * LOW HITPOINT WARNING * * *
x2 You feel very sick.
You block the swamp dragon's attack. x2
The swamp dragon tramples you but does no damage.
The swamp dragon closely misses you. You furiously retaliate!
You headbutt the swamp dragon! You block the swamp dragon's attack. x2
You hit the swamp dragon. You burn the swamp dragon.
The swamp dragon is almost dead.
You slice the swamp dragon!! You burn the swamp dragon.
You kill the swamp dragon!
Okawaru accepts your kill.
You are engulfed in poison gas.
You are more poisoned.
* * * LOW HITPOINT WARNING * * *
x2 You feel extremely sick.
You feel better.
You are engulfed in poison gas.
You are poisoned.
* * * LOW HITPOINT WARNING * * *
x2 You feel very sick.
You block the swamp dragon's attack. The swamp dragon barely misses you.
You block the swamp dragon's attack.
You hit the swamp dragon. You burn the swamp dragon.
Your headbutt misses the swamp dragon.
The swamp dragon is almost dead.
You are engulfed in poison gas.
You are more poisoned.
* * * LOW HITPOINT WARNING * * *
x2 You feel extremely sick.
You block the swamp dragon's attack.
The swamp dragon claws you but does no damage.
You block the swamp dragon's attack.
You feel protected.
You die...

.♣.~.....♣♣♣♣.~~)♣♣♣~~~~.~..~~~~♣
♣♣♣.♣..~~~.♣♣♣>.[♣♣~~~~~~~♣~♣♣...
♣♣♣♣~........♣♣.)..~~~§~~.♣♣♣♣♣♣.
♣♣..~..♣♣~.~~...~~.~~~~~§.~..~♣.~
.~~~~...~..~..~~~~~.~~~~...~..~.~
~~~~~~~....~~.~~~~~~~~~~.♣.~~.♣..
~~~~~~~§..~~.~○~~~~~~~~~~.~~....♣
~~~~~~~....~♣♣♣○°°~~~~~~..~~~...♣
~~~~~§§.~~♣♣♣ ♣°@°°~~~~~.~~~~.~~♣
~~~~~~~~..♣♣ ♣♣○D[~~~~~~~~~~~....
~~~§~~~~...♣ ♣~~§~<.~..(.~~~.♣.~†
~~~~~~.....♣ ♣♣~..♣.......~♣♣♣~~.
~~~~~..~...♣♣♣♣♣♣♣~...~~~.♣♣ ♣.~~
~~~~..~~~...~♣♣♣♣♣~[♣.~~~~♣ ♣♣♣♣
~~~~.§~~~....♣♣~♣§....~~~~♣ ♣
~~~~~~~......♣....♣♣♣♣~~~~♣ ♣♣♣
~~.§~.~♣♣~~~...§~.♣ ♣♣~~♣♣ ♣♣~♣


You could see a swamp dragon (catching breath).

Vanquished Creatures
  Jorgrun (Swamp:1)
  A sphinx (D:12)
  Gastronok (D:10)
  The ghost of spardeous the Protected, a journeyman DgCj (Swamp:1)
  4 eleionomae
  2 bunyips
  Snorg (D:12)
  A shambling mangrove (Swamp:3)
  Josephine (D:13)
  A rakshasa (D:14)
  10 hydras
  8 vault guards
  A spriggan air mage (Swamp:3)
  A catoblepas (D:14)
  4 boulder beetles
  3 centaur warriors
  6 alligators
  A death knight (D:12)
  A two-headed ogre (D:10)
  3 thrashing horrors (Lair:5)
  4 orc high priests (Orc:2)
  Sonja (D:10)
  A large abomination (Lair:5)
  A skyshark (Lair:4)
  5 goliath frogs
  2 bog bodies
  4 spriggan druids
  5 swamp dragons
  A phantasmal warrior (D:12)
  2 deep elf pyromancers (D:14)
  Pikel (D:8)
  7 orc knights
  9 ugly things
  A manticore (D:13)
  5 cyclopes
  5 orc sorcerers
  2 will-o-the-wisps
  4 black mambas
  5 elephants (Lair:3)
  7 cane toads
  A smoke demon (Lair:5)
  A torpor snail (Lair:1)
  A gargoyle (D:11)
  An unseen horror (D:10)
  A kobold demonologist (D:12)
  8 komodo dragons
  A freezing wraith (D:14)
  2 tengu conjurers (D:15)
  3 rime drakes
  An efreet (D:12)
  2 ancient zymes (Lair:5)
  8 trolls
  12 hornets
  A polar bear (shapeshifter) (Lair:5)
  9 tyrant leeches
  6 polar bears
  3 meliai (D:13)
  19 blink frogs
  7 slime creatures
  A shadow (D:13)
  A culicivora (shapeshifter) (Lair:5)
  A water elemental (D:11)
  6 wraiths
  13 spriggans
  2 wyverns
  A ynoxinul (Lair:5)
  39 yaks
  A vampire (D:7)
  6 basilisks
  2 chaos spawn (Lair:5)
  A steam dragon (D:8)
  Grum (D:8)
  12 vampire mosquitoes
  4 wargs
  13 swamp worms
  14 water moccasins
  An acid dragon (D:11)
  4 ice beasts
  23 orc warriors
  A sky beast (D:7)
  A black bear (shapeshifter) (Lair:5)
  6 swamp drakes
  2 black bears
  3 ogres
  4 lemures (D:8)
  10 wolves
  5 centaurs
  8 small abominations (Lair:5)
  A kobold brigand (D:7)
  8 bullfrogs
  3 scorpions
  A gnoll sergeant (D:10)
  7 wights
  5 killer bees
  4 electric eels
  10 howler monkeys
  6 hounds
  18 orc priests
  A gnoll bouda (D:9)
  2 jellies (Lair:5)
  4 iguanas
  A sleepcap (D:6)
  22 orc wizards
  10 gnolls
  7 adders
  A shadow imp (D:7)
  2 white imps
  An ufetubus (D:5)
  2 worms
  2 dart slugs (D:1)
  68 orcs
  4 endoplasms
  A giant cockroach (D:1)
  9 hobgoblins
  3 jackals (D:2)
  15 kobolds
  9 quokkas
  8 ball pythons
  5 bats
  4 frilled lizards
  13 goblins
  6 rats
  A butterfly (Lair:3)
661 creatures vanquished.

Vanquished Creatures (others)
  An eleionoma (Swamp:3)
  A spriggan berserker (Swamp:4)
  A hornet (Swamp:4)
  5 bloated husks
  A spriggan (Swamp:1)
  An ice beast (D:14)
  16 foxfires
26 creatures vanquished.

Grand Total: 687 creatures vanquished

Notes
Turn   | Place    | Note
-------+----------+-------------------------------------------
     0 | D:1      | Babbit the Minotaur Fighter began the quest for the Orb.
     0 | D:1      | Reached XP level 1. HP: 19/19 MP: 0/0
   222 | D:1      | Reached XP level 2. HP: 27/27 MP: 1/1
   668 | D:1      | Reached XP level 3. HP: 32/33 MP: 2/2
  1036 | D:2      | Reached XP level 4. HP: 39/40 MP: 3/3
  1537 | D:3      | Found a broken altar of Ashenzari.
  2212 | D:4      | Reached XP level 5. HP: 34/47 MP: 4/4
  2299 | D:4      | Found a stormy altar of Qazlal.
  2416 | D:4      | Reached skill level 5 in Axes
  2416 | D:4      | Reached skill level 1 in Dodging
  2790 | D:5      | Entered Level 5 of the Dungeon
  2807 | D:5      | Found a staircase to the Ecumenical Temple.
  2820 | D:5      | Reached XP level 6. HP: 49/53 MP: 5/5
  2830 | Temple   | Entered the Ecumenical Temple
  2944 | D:5      | Found Katzaby's Armour Shop.
  2949 | D:5      | Reached skill level 5 in Armour
  2952 | D:5      | Bought a +0 cloak of preservation for 138 gold pieces
  2964 | D:5      | Noticed an ice beast
  2978 | D:5      | Killed an ice beast
  3034 | D:5      | Reached skill level 5 in Fighting
  3034 | D:5      | Reached XP level 7. HP: 59/61 MP: 6/6
  3094 | D:5      | Noticed a hornet
  3099 | D:5      | Paralysed by a hornet for 3 turns
  3104 | D:5      | Killed a hornet
  3105 | D:5      | Reached skill level 1 in Throwing
  3553 | D:6      | Upgraded the game from 0.30.1-4-g462c640d31 to
                  | 0.30.1-5-ged363bc7ee
  3576 | D:6      | Reached skill level 5 in Shields
  3615 | D:6      | Reached XP level 8. HP: 69/69 MP: 7/7
  3675 | D:6      | Reached skill level 1 in Stealth
  5101 | D:7      | Found an ancient bone altar of Kikubaaqudgha.
  5171 | D:7      | Reached XP level 9. HP: 31/75 MP: 3/8
  5619 | D:8      | Noticed Grum
  5630 | D:8      | Killed Grum
  5912 | D:8      | Reached skill level 10 in Axes
  6188 | D:8      | Found a snail-covered altar of Cheibriados.
  6191 | D:8      | Found a shimmering altar of Xom.
  6195 | D:8      | Found an iron altar of Okawaru.
  6199 | D:8      | Became a worshipper of Warmaster Okawaru
  6261 | D:9      | Noticed Pikel
  6261 | D:9      | Noticed a cyclops
  6275 | D:8      | Killed a cyclops
  6359 | D:8      | Killed Pikel
  6359 | D:8      | Reached * piety under Okawaru
  6625 | D:9      | Reached ** piety under Okawaru
  6626 | D:9      | Reached XP level 10. HP: 63/86 MP: 7/9
  7011 | D:9      | Reached skill level 10 in Armour
  7086 | D:9      | Found a shimmering blue altar of Sif Muna.
  7356 | D:9      | Found a staircase to the Orcish Mines.
  7609 | D:10     | Entered Level 10 of the Dungeon
  7625 | D:10     | You fall into a shaft and drop 1 floor!
  7766 | D:11     | Reached *** piety under Okawaru
  7964 | D:11     | Found a staircase to the Lair.
  8196 | D:10     | Noticed Gastronok
  8220 | D:10     | Killed Gastronok
  8224 | D:10     | Reached **** piety under Okawaru
  8275 | D:10     | Noticed Sonja
  8304 | D:10     | Killed Sonja
  8327 | D:10     | Found a flagged portal.
  8334 | Bailey   | Entered a bailey
  8820 | Bailey   | Reached XP level 11. HP: 68/73 MP: 7/10
  9059 | Bailey   | Noticed an orc knight
  9086 | Bailey   | Killed an orc knight
  9543 | D:10     | Reached ***** piety under Okawaru
  9544 | D:10     | Reached skill level 1 in Invocations
  9587 | D:10     | Noticed a two-headed ogre
  9593 | D:10     | Killed a two-headed ogre
 10446 | Lair:1   | Entered Level 1 of the Lair of Beasts
 10656 | Lair:1   | Received a gift from Okawaru
 10817 | Lair:1   | Reached skill level 1 in Evocations
 11043 | Lair:1   | Received a gift from Okawaru
 11044 | Lair:1   | Reached skill level 10 in Fighting
 11061 | Lair:1   | Reached ****** piety under Okawaru
 11246 | Lair:1   | Found a blossoming altar of Fedhas.
 11248 | Lair:1   | Noticed an oklob plant
 11408 | Lair:2   | Found a hole to the Spider Nest.
 11454 | Lair:2   | Identified the +3 leather armour of Daisies {rF++ Str+3}
 11491 | Lair:2   | Reached XP level 12. HP: 76/106 MP: 9/11
 11495 | Lair:2   | Identified the +2 hat of Okawaru's Envy {-Tele rF++ SInv
                  | Stlth+} (Okawaru gifted it to you on level 2 of the Lair of
                  | Beasts)
 11495 | Lair:2   | Received a gift from Okawaru
 11883 | Lair:2   | Found a dark tunnel.
 11892 | Volcano  | Entered a volcano
 12511 | Lair:3   | Noticed a boulder beetle
 12604 | Lair:3   | Killed a boulder beetle
 12725 | Lair:3   | Noticed a six-headed hydra
 12734 | Lair:3   | Killed a six-headed hydra
 13022 | Lair:3   | Reached skill level 1 in Maces & Flails
 13035 | Lair:3   | Reached skill level 15 in Axes
 13273 | Lair:3   | Found a staircase to the Swamp.
 13740 | Lair:4   | Identified the +0 pair of boots of Limited Liability
                  | {Int+3} (Okawaru gifted it to you on level 4 of the Lair of
                  | Beasts)
 13740 | Lair:4   | Received a gift from Okawaru
 13755 | Lair:4   | Identified the ring "Nawn" {Fire rPois rN+ MP-9 Dex+5}
 13834 | Lair:4   | Found an ornate altar of the Wu Jian Council.
 13850 | Lair:4   | Reached skill level 10 in Shields
 13908 | Lair:4   | Reached XP level 13. HP: 116/116 MP: 12/12
 13914 | Lair:4   | Reached skill level 5 in Throwing
 14092 | Lair:4   | Noticed Psyclone's ghost (journeyman DEVM)
 14099 | Lair:4   | Found a transporter.
 14179 | Lair:4   | Found a transporter.
 14575 | Lair:5   | Entered Level 5 of the Lair of Beasts
 15393 | Lair:5   | Received a gift from Okawaru
 15409 | Lair:5   | Found a corrupted altar of Lugonu.
 15409 | Lair:5   | Found a one-way gate to the infinite horrors of the Abyss.
 15414 | Lair:5   | Identified the staff of earth "Idaoppef" {rElec MP+9 Str+3}
 15647 | Lair:5   | Found a viscous altar of Jiyva.
 15649 | Lair:5   | Found a staircase to the Slime Pits.
 15830 | Lair:5   | Identified the ring of the Dropbear {rN+ MP+9}
 16274 | D:12     | Found Kiwimu's Antique Weapon Shoppe.
 16322 | D:12     | Reached skill level 15 in Armour
 16466 | D:12     | Received a gift from Okawaru
 17142 | D:12     | Found a runed translucent door.
 17143 | D:12     | Noticed a sphinx
 17368 | D:13     | Reached XP level 14. HP: 92/127 MP: 14/14
 17368 | D:13     | Noticed Josephine
 17368 | D:13     | Noticed Snorg
 17518 | D:12     | Identified the +1 spear "Xisun" {freeze, rPois Str+4}
                  | (Okawaru gifted it to you on level 12 of the Dungeon)
 17518 | D:12     | Received a gift from Okawaru
 17585 | D:12     | Killed Snorg
 17873 | D:13     | Killed Josephine
 17961 | D:13     | Found a gate to the Vaults.
 18403 | D:12     | Killed a sphinx
 18521 | D:14     | Received a gift from Okawaru
 18742 | D:14     | Received a gift from Okawaru
 19117 | D:14     | Identified the +1 scale mail "Pisesaos" {Str+3 Int+3}
 19122 | D:14     | Found a sacrificial altar of Ru.
 19597 | D:15     | Entered Level 15 of the Dungeon
 20072 | Orc:1    | Entered Level 1 of the Orcish Mines
 20093 | Orc:1    | Upgraded the game from 0.30.1-5-ged363bc7ee to
                  | 0.30.1-6-gbe392663c4
 20284 | Orc:2    | Entered Level 2 of the Orcish Mines
 20285 | Orc:2    | Found a transporter.
 20287 | Orc:2    | Found Duuf's Distillery.
 20328 | Orc:2    | Received a gift from Okawaru
 20422 | Orc:2    | Bought 2 potions of heal wounds for 100 gold pieces
 20551 | Orc:2    | Found a transporter.
 20662 | Orc:2    | Found Oker's Antique Weapon Boutique.
 20727 | Orc:2    | Received a gift from Okawaru
 20763 | Orc:2    | Received a gift from Okawaru
 20806 | Orc:2    | Reached XP level 15. HP: 41/138 MP: 5/15
 20808 | Orc:2    | Gained mutation: You are vulnerable to cold. (rC-) [a
                  | neqoxec]
 20947 | Orc:2    | Found Hatemon's Magic Scroll Emporium.
 20968 | Orc:2    | Found Onasu's Weapon Emporium.
 20973 | Orc:2    | Found Dueroong's Armour Boutique.
 20984 | Orc:2    | Bought a scroll of acquirement for 728 gold pieces
 20984 | Orc:2    | Acquired a +6 broad axe of holy wrath
 21057 | Orc:2    | Found a staircase to the Elven Halls.
 21583 | Swamp:1  | Entered Level 1 of the Swamp
 21586 | Swamp:1  | Noticed Jorgrun
 21605 | Swamp:1  | Killed Jorgrun
 21606 | Swamp:1  | Reached skill level 15 in Shields
 21781 | Swamp:1  | Received a gift from Okawaru
 22228 | Swamp:1  | Found a runed translucent door.
 22292 | Swamp:1  | Found a burning altar of Makhleb.
 22340 | Swamp:1  | Identified Roxanne's Omnibus of Permutations
 22340 | Swamp:1  | Noticed Roxanne
 22383 | Swamp:1  | Noticed spardeous's ghost (journeyman DgCj)
 22386 | Swamp:1  | Identified the +1 spear "Puas" {pain, Int+4}
 22430 | Swamp:1  | Killed spardeous's ghost
 22551 | Swamp:1  | Identified the +4 great sword "Byreum" {freeze, rElec
                  | Str+6}
 23016 | Swamp:2  | Received a gift from Okawaru
 23848 | Swamp:2  | Received a gift from Okawaru
 24442 | Swamp:4  | Entered Level 4 of the Swamp
 24863 | Swamp:4  | Reached skill level 15 in Fighting
 24874 | Swamp:3  | Received a gift from Okawaru
 24879 | Swamp:3  | HP: 6/141 [poison (poison gas)]
 24884 | Swamp:3  | HP: 4/141 [poison (poison gas)]
 25954 | Swamp:3  | Reached XP level 16. HP: 117/149 MP: 16/16
 26051 | Swamp:3  | HP: 7/149 [poisoned by a swamp dragon (poison gas)]
 26053 | Swamp:3  | HP: 1/149 [poisoned by a swamp dragon (poison gas)]
 26054 | Swamp:3  | Succumbed to a swamp dragon's poison gas

Illustrated notes

Levels and vault maps discovered:
D:1:      ncdulo_watergridlock, layout_loops_corners
D:2:      layout_basic, kennysheep_generic_room_11
D:3:      layout_loops_ring, old_standard_altar, chequers_serial_rivers_small_3
D:4:      layout_loops_ring, lemuel_tele_altar, supply_closet_lemuel
D:5:      layout_basic, minmay_temple_entry_mist, serial_shops,
          nicolae_diamond_shop
D:6:      layout_basic
D:7:      layout_gridville, kiku_gazebo_garden_becter, serial_rivers,
          chequers_serial_rivers_room_b, chequers_serial_rivers_small_b,
          chequers_serial_rivers_small_a, chequers_serial_rivers_micro_d,
          chequers_serial_rivers_marsh, chequers_serial_rivers_room_a,
          st_stairs_13
D:8:      layout_basic, grunt_temple_overflow_diamond, uniq_grum
D:9:      layout_cave_pools, general_overflow_altar, erik_orc_3,
          minmay_misc_feat_rugged, uniq_pikel
D:10:     layout_loops_ring, enter_bailey_3, uniq_gastronok, uniq_sonja
D:11:     layout_loops_cross, erik_lair_island
D:12:     layout_rooms, serial_shops, shop, serial_corexii_hall,
          chequers_hall_statues_corner_a, corexii_hall_statues_deadend,
          minivault_26, minmay_hidden_floor
D:13:     layout_cave_pools, erik_vaults_2, uniq_snorg, uniq_josephine
D:14:     layout_loops_ring, nicolae_ru_path_of_blood, ice2_lemuel
D:15:     hangedman_depths_entry_try_elsewhere_first, layout_basic,
          fedhas_altar_4
Temple:   eino_wide_crystal_templ
Lair:1:   layout_cave_shapes, hangedman_tree_tricks,
          pdpol_lair_neglected_garden, grunt_megastairs_1,
          infiniplex_staircase_pool_2
Lair:2:   layout_roguey, spider_nest_entry_web_field,
          nicolae_volcano_entry_hallway, infiniplex_staircase_pool,
          grunt_megastairs_3
Lair:3:   layout_long_grid, swamp_mist_pool, lemuel_fruit_fields
Lair:4:   layout_regular_city, basic_altar, gammafunk_ghost_arena,
          chequers_serial_rivers_small_b
Lair:5:   hellmonk_lair_end_abyssal_woods, layout_hall_layers,
          nicolae_slime_entry_slimehenge
Swamp:1:  layout_basic_swamp, ebering_ghost_funeral_grove,
          nicolae_swamp_godswood, uniq_jorgrun, uniq_roxanne
Swamp:2:  layout_basic_swamp, hangedman_swamp_lotus, swamp_pool4,
          nicolae_swamp_little_tower
Swamp:3:  layout_basic_swamp, nicolae_swamp_bean_lake
Swamp:4:  swamp_basic_johnstein, layout_basic_swamp
Orc:1:    layout_caves, serial_shops, nicolae_shop_behind_doors, uniq_urug
Orc:2:    st_orc_elflike, layout_diamond_mine, basic_altar, serial_shops,
          shop_fountains, gammafunk_ghost_abyssal_escape

Skill      XL: |  1  2  3  4  5  6  7  8  9 10 11 12 13 14 15 |
---------------+----------------------------------------------+-----
Armour         | 4 5 6 7 9 11 12 13 15 16 17 | 17.4
Fighting       | 4 5 6 7 8 10 11 12 14 15 | 15.1
Axes           | 3 4 5 6 7 9 11 12 14 15 16 17 | 17.8
Shields        | 4 5 6 7 8 10 12 14 17 | 17.0
Dodging        | 1 2 3 4 |  4.9
Throwing       | 1 3 4 6 |  6.2
Stealth        | 1 2 |  2.2
Invocations    | 1 2 |  2.3
Evocations     | 1 |  1.0
Maces & Flails | 1 2 |  2.2
Polearms       | |  0.8

Action                     |  1- 3 |  4- 6 |  7- 9 | 10-12 | 13-15 | 16-18 || total
---------------------------+-------+-------+-------+-------+-------+-------++-------
  Melee: War axe           |    68 |    47 |       |       |   100 |    11 ||   226
         Headbutt          |    11 |    15 |    41 |   199 |   450 |     2 ||   718
         Hand axe          |       |    88 |   257 |   818 |  1452 |       ||  2615
         Whip              |       |       |       |     4 |    10 |       ||    14
         Broad axe         |       |       |       |       |   217 |       ||   217
         Spear             |       |       |       |       |    13 |       ||    13
  Throw: Boomerang         |     4 |     2 |     2 |    37 |    26 |       ||    71
         Javelin           |       |       |       |    10 |       |       ||    10
 Invoke: Heroism           |       |       |       |     3 |    16 |       ||    19
         Finesse           |       |       |       |       |     3 |       ||     3
  Evoke: Wand              |       |       |     2 |     2 |       |       ||     4
    Use: Scroll            |     1 |     9 |     9 |    16 |    16 |       ||    51
         Potion            |       |       |     2 |     6 |    16 |     5 ||    29
   Stab: Confused          |       |       |       |       |     1 |       ||     1
 Armour: Scale mail        |    35 |    51 |    96 |    26 |       |       ||   208
         Plate armour      |       |       |       |   151 |       |       ||   151
         Crystal plate arm |       |       |       |   333 |   866 |    62 ||  1261
  Dodge: Dodged            |    34 |    54 |   117 |   207 |   311 |    24 ||   747
  Block: Buckler           |    17 |    26 |    44 |   219 |   131 |       ||   437
         Tower shield      |       |       |       |       |  1005 |    45 ||  1050
